 Dungeon Crawl Stone Soup version 0.26-a0-852-g6321bf7485 (webtiles) character file.

Game seed: 12177801561865609647

132 gishou the Skirmisher (level 4, -8/40 HPs)
             Began as a Palentonga Fighter on Nov 22, 2020.
             Was an Initiate of Makhleb.
             Killed by divine providence
             ... invoked by an orc priest
              (15 damage)
             ... on level 3 of the Dungeon.
             The game lasted 00:03:52 (1659 turns).

gishou the Skirmisher (Palentonga Fighter)          Turns: 1659, Time: 00:03:53

Health: -8/40      AC:  7    Str: 20    XL:     4   Next: 92%
Magic:  4/4        EV:  6    Int:  8    God:    Makhleb [......]
Gold:   156        SH:  9    Dex: 10    Spells: 3/3 levels left

rFire    . . .     SeeInvis +   a - +0 war axe
rCold    . . .     Faith    .   c - +0 kite shield
rNeg     . . .     Spirit   .   e - +0 ring mail
rPois    .         Reflect  .   o - +0 helmet
rElec    .         Harm     .   (no cloak)
rCorr    .         Rampage  .   (no gloves)
MR       .....                  (no barding)
Stlth    ..........             (no amulet)
HPRegen  0.13/turn              (no ring)
MPRegen  0.09/turn              (no ring)

@: no status effects
A: large, rugged brown scales 3, see invisible, deformed body, roll 1, armoured
tail
a: Rolling Charge, Renounce Religion


You were on level 3 of the Dungeon.
You worshipped Makhleb.
Makhleb was noncommittal.
You visited 1 branch of the dungeon, and saw 3 of its levels.

You collected 156 gold pieces.

Inventory:

Hand Weapons
 a - a +0 war axe (weapon)
Armour
 b - a +0 scale mail
 c - a +0 kite shield (worn)
 e - a +0 ring mail (worn)
 o - a +0 helmet (worn)
Scrolls
 f - 3 scrolls of immolation {unknown}
 j - 2 scrolls of remove curse
 k - a scroll of teleportation {unknown}
 n - a scroll of noise {unknown}
Potions
 d - 2 potions of might
 g - a potion of resistance
 h - 3 potions of curing
 i - a potion of magic
 l - a potion of lignification
 m - a potion of attraction
 p - a potion of heal wounds {unknown}


   Skills:
 + Level 3.5 Fighting
 * Level 3.3(3.5) Axes
 - Level 1.3(2.5) Maces & Flails
 + Level 2.9 Armour
 + Level 2.9 Shields
 + Level 0.8 Invocations


You had 3 spell levels left.
You didn't know any spells.
Your spell library contained the following spells:

 Spells                   Type           Power        Failure   Level
 Confusing Touch          Hex            #.......     100%        3
 Gell's Gravitas          Tloc           #.........   100%        3
 Petrify                  Tmut/Erth      #.......     100%        4
 Metabolic Englaciation   Hex/Ice        #.........   100%        5
 Yara's Violent Unravell  Hex/Tmut       #.........   100%        5


Dungeon Overview and Level Annotations

Branches:
Dungeon (3/15)

Altars:
Makhleb
Sif Muna
Uskayaw


Innate Abilities, Weirdness & Mutations

You are completely covered in rugged brown scales. (AC +3, +7% HP)
You have supernaturally acute eyesight. (SInv)
Armour fits poorly on your strangely shaped body.
You can roll at nearby foes to attack.
You have a long armoured tail.


Message History

You are too injured to fight recklessly!
You are too injured to fight recklessly!
You barely miss the orc. The orc hits you but does no damage.
You block the orc's attack.
You hit the orc.
The orc is heavily wounded.
The orc hits you but does no damage.
You hit the orc.
You kill the orc!
Makhleb accepts your kill.
The orc priest miscasts a cantrip.
You barely miss the orc priest. You block the orc priest's attack.
You closely miss the orc priest. The orc priest hits you.
* * * LOW HITPOINT WARNING * * *
The orc priest hits you.
* * * LOW HITPOINT WARNING * * *
You closely miss the orc priest.
The orc priest mumbles some strange prayers to Beogh against you.
Beogh smites you!
You die...

..# #.....##.........
..# ########.........
..##############'#####..
.....................#
........_............+
..##### ######.#.###.#
..# #.#.# .. ..# #.#.#
.. ..# #.#@# . ..#######
#.#o# ........# #.#..
........# #... ........#
#.... ........### #.....
........... #......
........... #......>
..#...##..


You could see an orc priest.

Vanquished Creatures
  Natasha (twice) (D:2)
  An adder (D:2)
  2 oozes (D:2)
  A worm (D:2)
  3 dart slugs
  A leopard gecko (D:2)
  4 orcs (D:3)
  3 giant cockroaches (D:1)
  4 goblins
  6 hobgoblins
  4 kobolds
  2 ball pythons
  10 bats
  5 frilled lizards
  6 rats (D:1)
54 creatures vanquished.

Notes
Turn   | Place    | Note
-------+----------+-------------------------------------------
     0 | D:1      | gishou the Palentonga Fighter began the quest for the Orb.
     0 | D:1      | Reached XP level 1. HP: 20/20 MP: 1/1
   144 | D:1      | Reached XP level 2. HP: 27/27 MP: 2/2
   439 | D:1      | Reached skill level 1 in Maces & Flails
   442 | D:1      | Reached XP level 3. HP: 29/33 MP: 3/3
   962 | D:2      | Found a shimmering blue altar of Sif Muna.
  1054 | D:2      | Found a burning altar of Makhleb.
  1056 | D:2      | Noticed an Executioner
  1060 | D:2      | Noticed a neqoxec
  1060 | D:2      | Noticed a ynoxinul
  1062 | D:2      | Became a worshipper of Makhleb the Destroyer
  1074 | D:2      | Noticed Natasha
  1079 | D:2      | Reached XP level 4. HP: 27/40 MP: 4/4
  1085 | D:2      | Killed Natasha
  1357 | D:2      | Noticed Natasha
  1361 | D:2      | Killed Natasha
  1642 | D:3      | Found a hide-covered altar of Uskayaw.
  1659 | D:3      | Killed from afar by an orc priest

Illustrated notes

Levels and vault maps discovered:
D:1:      elethiomel_arrival_quiet, layout_rooms, minmay_tree_intersection,
          minmay_pentomino_x4
D:2:      layout_rooms, makhleb_altar_promises_db, lemuel_round_altar,
          solitary_fountain, wander_ebering_terrifying_dragon_lair, uniq_natasha
D:3:      layout_basic, overflow_temple_1_default

Skill      XL: |  1  2  3  4 |
---------------+-------------+-----
Maces & Flails | 1 |  1.3
Axes           | 3 |  3.3
Fighting       | |  3.5
Armour         | |  2.9
Shields        | |  2.9
Invocations    | |  0.8

Action                   |  1- 3 |  4- 6 || total
-------------------------+-------+-------++-------
Melee: War axe           |   102 |    34 ||   136
       Tailslap          |     9 |     4 ||    13
 Abil: Rolling Charge    |    22 |     3 ||    25
  Use: Scroll            |     8 |       ||     8
Armor: Ring mail         |    47 |    11 ||    58
       Scale mail        |     1 |       ||     1
Dodge: Dodged            |    28 |     3 ||    31
Block: Kite shield       |    50 |    12 ||    62

Table legend: (Time is in decaauts)
 A = Elapsed time spent in this place.
 B = Non-inter-level travel time spent in this place.
 C = Inter-level travel time spent in this place.
 D = Time resting spent in this place.
 E = Time spent auto-exploring this place.
 F = Levels seen in this place.
 G = Mean time per level.
                   A        B        C        D        E       F      G
               +--------+--------+--------+--------+--------+-----+--------+
         Total |   1719 |   1666 |     53 |    211 |   1128 |   3 |  573.0 |
       Dungeon |   1719 |   1666 |     53 |    211 |   1128 |   3 |  573.0 |
               +--------+--------+--------+--------+--------+-----+--------+

Top non-repeatable levels by time:
     D:2: 777 daAuts
     D:1: 692 daAuts
     D:3: 249 daAuts
